AoeStats
← Snobyman

Oasis

509317078Analyzed
4v4 RM · 7d ago on Sep 26, 2026· 60m 38s· 8 players
Game mode
Random Map
Map size
Large (8 player)
Population
200
Speed
Normal
Resources
Standard
Victory
Conquest
Starting age
Dark Age
Ending age
Imperial Age
RankedLock teamsTeams togetherTeam positionsShared explorationLock speedFull tech treeHidden civsTurbo modeCheats
Victory
Defeat
🇮🇩 Franks · Indonesia
593
+16
🇪🇸 Huns · Spain
539
+19
🇺🇸 Maya · United States
454
+22
🇦🇺 Khmer · Australia
451
+22
🇫🇷 Britons · France
716
-25
🇫🇷 Teutons · France
576
-19
🇫🇷 Lithuanians · France
559
-18
🇫🇷 Bulgarians · France
524
-17
salama20
0:41 Loom
14:17 Feudal Age
15:18 Double-Bit Axe
15:18 Horse Collar
17:33 Arson
23:04 Scale Mail Armor
23:15 Forging
27:45 Castle Age
27:57 Wheelbarrow
27:59 Gold Mining
29:25 Stone Mining
30:15 Iron Casting
32:56 Hand Cart
34:00 Bow Saw
33:58 Heavy Plow
34:57 Squires
34:18 Eagle Warrior
37:25 Town Watch
38:46 Treadmill Crane
39:24 Chain Mail Armor
40:13 Thumb Ring
42:09 Coinage
41:46 Fletching
41:57 Padded Archer Armor
42:07 Town Patrol
47:45 Imperial Age
47:09 Leather Archer Armor
50:18 Holcans
49:23 Elite Eagle Warrior
50:54 Plate Mail Armor
51:25 Blast Furnace
52:14 Ring Archer Armor
51:40 Bodkin Arrow
52:28 Stone Shaft Mining
53:59 Elite Plumed Archer
Snobyman
0:37 Loom
17:41 Feudal Age
18:58 Wheelbarrow
18:23 Gold Mining
18:23 Stone Mining
18:28 Double-Bit Axe
18:39 Horse Collar
25:22 Castle Age
27:44 Gold Shaft Mining
27:48 Stone Shaft Mining
27:30 Bow Saw
27:33 Heavy Plow
30:40 Imperial Age
28:26 Hand Cart
31:11 Ballistics
31:02 Masonry
30:42 Heated Shot
31:03 Scale Barding Armor
30:59 Scale Mail Armor
31:09 Forging
30:50 Fletching
32:12 Tusk Swords
32:25 Caravan
32:56 Coinage
35:57 Crop Rotation
38:30 Town Watch
43:19 Chain Barding Armor
43:14 Chain Mail Armor
43:35 Iron Casting
43:01 Padded Archer Armor
43:34 Architecture
43:11 Siege Engineers
43:01 Murder Holes
45:02 Banking
49:09 Double Crossbow
48:31 Elite Ballista Elephant
49:51 Hoardings
53:10 Sappers
58:45 Parthian Tactics
57:41 Heavy Cavalry Archer
Wilson Winston
10:53 Feudal Age
13:09 Double-Bit Axe
14:42 Bloodlines
14:53 Scale Barding Armor
18:01 Forging
26:18 Castle Age
26:06 Wheelbarrow
25:14 Horse Collar
26:04 Gold Mining
26:07 Stone Mining
28:02 Chain Barding Armor
27:45 Husbandry
29:11 Bow Saw
31:01 Iron Casting
30:31 Marauders
33:43 Imperial Age
31:56 Heavy Plow
32:34 Gold Shaft Mining
37:58 Hand Cart
40:34 Plate Barding Armor
41:01 Caravan
44:39 Two-Man Saw
44:01 Elite Tarkan
48:43 Blast Furnace
53:40 Parthian Tactics
53:21 Thumb Ring
54:36 Heavy Cavalry Archer
54:47 Cavalier
57:42 Paladin
GibranRakatiwing
0:56 Loom
11:52 Feudal Age
12:21 Double-Bit Axe
14:01 Wheelbarrow
13:38 Gold Mining
17:04 Forging
17:51 Scale Barding Armor
20:48 Stone Mining
24:08 Castle Age
24:15 Light Cavalry
24:56 Husbandry
25:33 Iron Casting
25:19 Chain Barding Armor
27:39 Gold Shaft Mining
29:11 Hand Cart
31:57 Imperial Age
34:18 Blast Furnace
33:53 Plate Barding Armor
34:25 Cavalier
35:49 Bow Saw
37:41 Conscription
40:38 Paladin
41:26 Treadmill Crane
42:12 Ballistics
41:42 Guard Tower
42:04 Fortified Wall
52:09 Chemistry
51:01 Fletching
51:12 Padded Archer Armor
52:40 Heavy Mounted Crossbowman
52:41 Cranequins
53:22 Bodkin Arrow
53:43 Leather Archer Armor
58:03 Ordonnance Companies
58:45 Chivalry
59:23 Hoardings
Nordinateur93
0:29 Loom
15:31 Feudal Age
17:07 Wheelbarrow
16:16 Horse Collar
16:28 Double-Bit Axe
16:46 Gold Mining
21:44 Arson
21:21 Man-at-Arms
28:32 Castle Age
27:12 Stone Mining
29:54 Bow Saw
30:15 Hand Cart
30:52 Heavy Plow
30:55 Pikeman
31:36 Squires
33:01 Elite Skirmisher
37:14 Gold Shaft Mining
36:51 Caravan
38:34 Long Swordsman
38:59 Gambesons
45:08 Imperial Age
43:06 Forging
45:15 Halberdier
46:23 Fletching
46:34 Padded Archer Armor
47:41 Conscription
49:07 Ballistics
48:58 Fortified Wall
49:37 Yeomen
51:19 Chemistry
50:17 Bodkin Arrow
50:25 Scale Mail Armor
51:20 Bracer
Boustos13
0:41 Loom
21:59 Feudal Age
28:22 Castle Age
26:59 Wheelbarrow
26:09 Town Watch
35:10 Fortified Wall
35:21 Ballistics
41:51 Hand Cart
41:36 Town Patrol
42:22 Caravan
54:03 Imperial Age
Boostos86
22:52 Feudal Age
33:10 Wheelbarrow
38:17 Horse Collar
52:00 Castle Age
Boustos12
0:31 Loom
0:38 Loom
15:45 Feudal Age
16:18 Man-at-Arms
18:04 Wheelbarrow
17:27 Double-Bit Axe
17:24 Horse Collar
18:04 Gold Mining
18:05 Stone Mining
18:39 Forging
18:20 Fletching
22:23 Padded Archer Armor
27:21 Castle Age
28:26 Bow Saw
27:38 Pikeman
28:20 Heavy Plow
29:03 Iron Casting
29:08 Stone Shaft Mining
30:45 Hand Cart
33:16 Caravan
33:35 Bodkin Arrow
34:20 Fortified Wall
35:41 Ballistics
37:14 Murder Holes
39:49 Town Watch
44:43 Imperial Age
43:06 Husbandry
44:25 Leather Archer Armor
45:49 Conscription
45:19 Halberdier
47:14 Bracer
47:10 Elite Leitis
49:18 Chemistry
54:05 Ring Archer Armor
Connection lost

Rejoining the realm…

Still unreachable

The connection could not be restored.

Session expired

The server has moved on; the page needs a fresh start.